 Dungeon Crawl Stone Soup version 0.26-a0-670-g578ab304f5 (webtiles) character file.

Game seed: 8715371005028980009

10 Hypoxia the Sneak (level 2, -2/27 HPs)
             Began as a Deep Dwarf Delver on Oct 19, 2020.
             Killed from afar by a white imp (12 damage)
             ... with a puff of frost
             ... on level 5 of the Dungeon.
             The game lasted 00:01:27 (53 turns).

Hypoxia the Sneak (Deep Dwarf Delver)                 Turns: 53, Time: 00:01:27

Health: -2/27      AC:  3    Str: 15    XL:     2   Next: 10%
Magic:  2/2        EV: 12    Int: 10    God:
Gold:   16         SH:  0    Dex: 14    Spells: 1/1 levels left

rFire    . . .     SeeInvis .   a - +0 hand axe
rCold    . . .     Faith    .   (no shield)
rNeg     . . .     Spirit   .   b - +0 leather armour
rPois    .         Reflect  .   (no helmet)
rElec    .         Harm     .   (no cloak)
rCorr    .         Rampage  .   (no gloves)
MR       .....                  (no boots)
Stlth    +++.......             (no amulet)
HPRegen  0.00/turn              (no ring)
MPRegen  0.08/turn              (no ring)

@: non-regenerating
A: damage resistance, heal wounds, sense surroundings 1, no regeneration
a: Heal Wounds


You were on level 5 of the Dungeon.
You visited 1 branch of the dungeon, and saw 3 of its levels.

You collected 16 gold pieces.

Inventory:

Hand Weapons
 a - a +0 hand axe (weapon)
Armour
 b - a +0 leather armour (worn)
Wands
 D - a wand of digging (3)
Scrolls
 c - a scroll of fog
 d - a scroll of identify {unknown}
 e - a scroll of fear
 M - 2 scrolls of magic mapping
Potions
 H - a potion of haste {@q3}


   Skills:
 - Level 2.6 Fighting
 + Level 3.1 Axes
 - Level 2.1 Dodging
 - Level 6.0 Stealth


You had one spell level left.
You didn't know any spells.
Your spell library was empty.

Dungeon Overview and Level Annotations

Branches:
Dungeon (6/15)
 Temple: D:4-7

Altars:


Innate Abilities, Weirdness & Mutations

You are resistant to damage.
You can heal yourself by infusing magical energy.
You passively map a small area around you.
You do not regenerate.


Message History

You see here a scroll labeled JEIGIJATZ.
d - a scroll labeled JEIGIJATZ
There is a stone staircase leading down here.
You climb downwards.
A worker ant and a white imp come into view.
Found an escape hatch in the floor.
Found a stone staircase leading down.
There is a stone staircase leading up here.
Unknown command.
Unknown command.
The white imp shouts!
A worker ant comes into view.
The white imp gestures at you. The puff of frost hits you!
There are no items here.
Unknown command.
Unknown command.
Unknown command.
The white imp gestures at you. The puff of frost hits you!
You die...

*..... * *
.... , ,,
#########...
,* , ,
,.B....>.5.
#.......#####
,.>........#
,, ,
,#....(B..#
#.@......# ,
* *
#........# *
##....#### ,
#<##.#
#.......# .#
#.##...## ,#
#....,* *
...###, *,
#..# , ,


You could see 2 worker ants and a white imp.

Vanquished Creatures
  A howler monkey zombie
1 creature vanquished.

Notes
Turn   | Place    | Note
-------+----------+-------------------------------------------
     0 | D:5      | Hypoxia the Deep Dwarf Delver began the quest for the Orb.
     0 | D:5      | Reached XP level 1. HP: 20/20 MP: 1/1
    14 | D:6      | Reached skill level 3 in Axes
    14 | D:6      | Reached XP level 2. HP: 18/27 MP: 2/2
    53 | D:5      | Killed from afar by a white imp

Illustrated notes

Levels and vault maps discovered:
D:4:      layout_rooms, lemuel_crystal_altar, lemuel_flame_loot_1
D:5:      layout_rooms, serial_curves, eino_curves_02, eino_curves_02,
          uniq_ijyb, uniq_pikel
D:6:      layout_basic, minmay_temple_entry_sparse_star, minmay_misc_feat_iff

Skill      XL: |  1 |
---------------+----+-----
Axes           | 3 |  3.1
Fighting       | |  2.6
Dodging        | |  2.1
Stealth        | |  6.0

Action                   || total
-------------------------++-------
Melee: Hand axe          ||     9
Armor: Leather armour    ||     1
Dodge: Dodged            ||     4

Table legend: (Time is in decaauts)
 A = Elapsed time spent in this place.
 B = Non-inter-level travel time spent in this place.
 C = Inter-level travel time spent in this place.
 D = Time resting spent in this place.
 E = Time spent auto-exploring this place.
 F = Levels seen in this place.
 G = Mean time per level.
                   A        B        C        D        E       F      G
               +--------+--------+--------+--------+--------+-----+--------+
         Total |     55 |     55 |      0 |      0 |      0 |   3 |   18.3 |
       Dungeon |     55 |     55 |      0 |      0 |      0 |   3 |   18.3 |
               +--------+--------+--------+--------+--------+-----+--------+

Top non-repeatable levels by time:
     D:4: 19 daAuts
     D:6: 18 daAuts
     D:5: 17 daAuts
